AoeStats
← bkg45

Nomad

506542188Analyzed
4v4 RM · 18d ago on Sep 14, 2026· 41m 3s· 8 players
Game mode
Random Map
Map size
231×231
Population
200
Speed
Normal
Resources
Standard
Victory
Conquest
Starting age
Dark Age
Ending age
Imperial Age
RankedLock teamsTeams togetherTeam positionsShared explorationLock speedFull tech treeHidden civsTurbo modeCheats
Victory
Defeat
🇦🇷 Armenians · Argentina
1462
+11
🇦🇷 Wu · Argentina
1379
+15
🇺🇸 Franks · United States
1341
+16
🇺🇸 Jurchens · United States
1320
+18
🇬🇧 Malians · United Kingdom
1366
-16
🇹🇷 Koreans · Türkiye
1353
-15
🇨🇴 Georgians · Colombia
1348
-15
🇨🇴 Vietnamese · Colombia
1335
-14
milopokerboy
6:22 Loom
16:18 Feudal Age
19:58 Castle Age
19:35 Scale Mail Armor
19:45 Forging
PrimordiaL_
3:58 Loom
13:05 Feudal Age
13:39 Double-Bit Axe
22:02 Castle Age
20:13 Fletching
20:29 Gold Mining
zularombr
4:13 Loom
12:11 Feudal Age
14:42 Fishing Lines
16:32 Double-Bit Axe
17:30 Gold Mining
21:48 Castle Age
20:06 Fletching
20:21 Horse Collar
22:46 Medium Warships
29:35 Fortified Wall
Serkan the Tank
13:02 Loom
15:11 Feudal Age
16:20 Town Watch
17:42 Wheelbarrow
20:07 Castle Age
18:39 Fishing Lines
21:35 Gillnets
Snorkiss89
4:51 Loom
15:18 Feudal Age
15:49 Fishing Lines
19:17 Castle Age
18:05 Scale Barding Armor
19:39 Double-Bit Axe
20:01 Husbandry
20:22 Chain Barding Armor
26:04 Forging
28:01 Iron Casting
29:46 Town Watch
30:36 Wheelbarrow
30:59 Bow Saw
33:33 Gold Mining
36:26 Imperial Age
34:57 Gold Shaft Mining
36:12 Medium Warships
38:41 Heavy Warships
JessePinkman
3:44 Loom
14:22 Feudal Age
18:04 Castle Age
17:07 Double-Bit Axe
17:15 Gold Mining
19:05 Bow Saw
19:38 Fletching
20:26 Bodkin Arrow
22:45 Wheelbarrow
24:33 Padded Archer Armor
24:16 Horse Collar
29:02 Town Watch
32:27 Leather Archer Armor
36:25 Imperial Age
36:41 Spies/Treason
38:39 Bracer
39:48 Demolition Ship
40:39 Medium Warships
41:17 Heavy Plow
41:53 Gold Shaft Mining
41:09 Stone Mining
WalterWhite
12:16 Loom
14:02 Feudal Age
17:10 Fletching
22:44 Castle Age
22:53 Double-Bit Axe
22:49 Horse Collar
23:01 Gold Mining
23:24 Bodkin Arrow
25:42 Padded Archer Armor
26:45 Leather Archer Armor
28:19 Bow Saw
30:03 Heavy Plow
30:40 Gold Shaft Mining
29:57 Stone Mining
31:00 Ballistics
35:22 Imperial Age
36:43 Wheelbarrow
35:54 Town Watch
36:10 Spies/Treason
37:12 Bracer
37:35 Medium Warships
39:22 Chemistry
39:51 Heavy Warships
40:52 Conscription
bkg45
5:11 Loom
13:38 Feudal Age
17:40 Castle Age
16:18 Double-Bit Axe
16:25 Fletching
16:46 Horse Collar
17:19 Padded Archer Armor
17:43 Town Watch
18:27 Bodkin Arrow
21:30 Ballistics
21:13 Town Watch
25:11 Leather Archer Armor
26:10 Wheelbarrow
26:34 Bloodlines
26:25 Husbandry
32:42 Hand Cart
36:12 Medium Warships
Connection lost

Rejoining the realm…

Still unreachable

The connection could not be restored.

Session expired

The server has moved on; the page needs a fresh start.